TOP OF THE 1ST |
Battle Ground Aeros batting - Pitching for Ottawa Nationals : RHP Ángelo Cabrera
|
Pitching: RHP Ángelo Cabrera
|
|
Batting: SHB Shawn Sánchez
|
0-0: Foul Ball, location: 2F 0-1: Ball 1-1: Foul Ball, location: 2F 1-2: Ball 2-2: Strikes out looking
|
Batting: RHB Stephen Johnson
|
0-0: Ball 1-0: Fly out, F8 (Flyball, 8RM)
|
Batting: RHB Jim Unknown
|
0-0: Called Strike 0-1: Called Strike 0-2: Ball 1-2: Ball 2-2: Ball 3-2: Strikes out swinging
|
Top of the 1st over - 0 run(s), 0 hit(s), 0 error(s), 0 left on base; Battle Ground 0 - Ottawa 0 |
BOTTOM OF THE 1ST |
Ottawa Nationals batting - Pitching for Battle Ground Aeros : RHP Jim Unknown
|
Pitching: RHP Jim Unknown
|
|
Batting: RHB Rodrigo Pagán
|
0-0: Swinging Strike 0-1: Bunted foul 0-2: Foul Ball, location: 2F 0-2: Ground out 5-3 (Groundball, 5S)
|
Batting: LHB Javier Hernández
|
0-0: SINGLE (Line Drive, 7S)
|
Batting: LHB Tony Ríos
|
0-0: Called Strike 0-1: Ball 1-1: Fly out, F9 (Flyball, 9M)
|
Batting: RHB Dirk Davis
|
0-0: Ground out 3-1 (Groundball, 34)
|
Bottom of the 1st over - 0 run(s), 1 hit(s), 0 error(s), 1 left on base; Battle Ground 0 - Ottawa 0 |
TOP OF THE 2ND |
Battle Ground Aeros batting - Pitching for Ottawa Nationals : RHP Ángelo Cabrera
|
Batting: LHB Edgardo Téllez
|
0-0: Called Strike 0-1: Swinging Strike 0-2: Ball 1-2: SINGLE (Line Drive, 4)
|
Batting: RHB Jaime Chavarriaga
|
0-0: Swinging Strike 0-1: Swinging Strike 0-2: SINGLE (Groundball, 6MD) Edgardo Téllez to second
|
Batting: RHB Daniel Cooper
|
0-0: Ball 1-0: Ball 2-0: Ball 3-0: Base on Balls Edgardo Téllez to third Jaime Chavarriaga to second
|
Batting: RHB Jim Unknown
|
0-0: Ball 1-0: SINGLE (Groundball, 6MD) Edgardo Téllez scores Jaime Chavarriaga to third Daniel Cooper to second Runner from 3rd tries for Home, SAFE, throw made home
|
Batting: RHB Jim Unknown
|
0-0: Ball 1-0: Fly out, F8 (Flyball, 8LXD) Runner from 2nd tags up, SAFE at 3rd, no throw
|
Batting: LHB Jim Unknown
|
0-0: Ball 1-0: Ball 2-0: Grounds into double play, 4-6-3 (Groundball, 4)
|
Top of the 2nd over - 2 run(s), 3 hit(s), 0 error(s), 1 left on base; Battle Ground 2 - Ottawa 0 |
BOTTOM OF THE 2ND |
Ottawa Nationals batting - Pitching for Battle Ground Aeros : RHP Jim Unknown
|
Batting: RHB José Icaza
|
0-0: Called Strike 0-1: Swinging Strike 0-2: Foul Ball, location: 2F 0-2: Ball 1-2: Foul Ball, location: 2F 1-2: Ball 2-2: Foul Ball, location: 2F 2-2: SINGLE (Groundball, 6MD)
|
Batting: RHB Patrick Samuels
|
0-0: Foul Ball, location: 2F 0-1: Ball 1-1: Ball 2-1: Called Strike 2-2: Ball 3-2: Base on Balls José Icaza to second
|
Batting: RHB Luke Turner
|
0-0: Called Strike 0-1: Foul Ball, location: 2F 0-2: Fly out, F7 (Flyball, 78M)
|
Batting: RHB Dan Curtis
|
0-0: Foul Ball, location: 2F 0-1: SINGLE (Groundball, 6M) José Icaza to third Patrick Samuels to second Runner from 3rd tries for Home, SAFE, throw made home Patrick Samuels to third Dan Curtis to second
|
Batting: RHB Steven Poe
|
0-0: Ball 1-0: Swinging Strike 1-1: Called Strike 1-2: Foul Ball, location: 2F 1-2: Strikes out looking
|
Batting: RHB Rodrigo Pagán
|
0-0: Called Strike 0-1: Fly out, F9 (Flyball, 9M)
|
Bottom of the 2nd over - 1 run(s), 2 hit(s), 0 error(s), 2 left on base; Battle Ground 2 - Ottawa 1 |
TOP OF THE 3RD |
Battle Ground Aeros batting - Pitching for Ottawa Nationals : RHP Ángelo Cabrera
|
Batting: SHB Shawn Sánchez
|
0-0: Ball 1-0: Ball 2-0: Ball 3-0: Called Strike 3-1: Base on Balls
|
Batting: RHB Stephen Johnson
|
0-0: Ball 1-0: Ball 2-0: Ball 3-0: Called Strike 3-1: Fly out, F9 (Flyball, 89S)
|
Batting: RHB Jim Unknown
|
0-0: Ball 1-0: Ball 2-0: Called Strike 2-1: Fly out, F8 (Line Drive, 8LXD)
|
Batting: LHB Edgardo Téllez
|
0-0: Ball Shawn Sánchez is caught stealing 2nd base
|
Top of the 3rd over - 0 run(s), 0 hit(s), 0 error(s), 0 left on base; Battle Ground 2 - Ottawa 1 |
BOTTOM OF THE 3RD |
Ottawa Nationals batting - Pitching for Battle Ground Aeros : RHP Jim Unknown
|
Batting: LHB Javier Hernández
|
0-0: Called Strike 0-1: Ball 1-1: Ball 2-1: DOUBLE (Line Drive, 78M)
|
Batting: LHB Tony Ríos
|
0-0: Fly out, F9 (Line Drive, 9M)
|
Batting: RHB Dirk Davis
|
0-0: Called Strike 0-1: Called Strike 0-2: Strikes out swinging
|
Batting: RHB José Icaza
|
0-0: Ball 1-0: Foul Ball, location: 2F 1-1: Called Strike 1-2: Ball 2-2: SINGLE (Line Drive, 9S) Javier Hernández to third
|
Batting: RHB Patrick Samuels
|
0-0: SINGLE (Groundball, 6MD) Javier Hernández scores José Icaza to second
|
Batting: RHB Luke Turner
|
0-0: Ball 1-0: Ball 2-0: Foul Ball, location: 2F 2-1: Swinging Strike 2-2: Ground out 5-3 (Groundball, 5)
|
Bottom of the 3rd over - 1 run(s), 3 hit(s), 0 error(s), 2 left on base; Battle Ground 2 - Ottawa 2 |
TOP OF THE 4TH |
Battle Ground Aeros batting - Pitching for Ottawa Nationals : RHP Ángelo Cabrera
|
Batting: LHB Edgardo Téllez
|
0-0: Ball 1-0: SINGLE (Groundball, 34D)
|
Batting: RHB Jaime Chavarriaga
|
0-0: Called Strike 0-1: Foul Ball, location: 2F 0-2: Ball Edgardo Téllez is caught stealing 2nd base 1-2: Strikes out swinging
|
Batting: RHB Daniel Cooper
|
0-0: Ball 1-0: Ball 2-0: Called Strike 2-1: Ball 3-1: Foul Ball, location: 2F 3-2: Strikes out swinging
|
Top of the 4th over - 0 run(s), 1 hit(s), 0 error(s), 0 left on base; Battle Ground 2 - Ottawa 2 |
BOTTOM OF THE 4TH |
Ottawa Nationals batting - Pitching for Battle Ground Aeros : RHP Jim Unknown
|
Batting: RHB Dan Curtis
|
0-0: Ground out 4-3 (Groundball, 4M)
|
Batting: RHB Steven Poe
|
0-0: Ball 1-0: Ball 2-0: Foul Ball, location: 2F 2-1: Ground out 5-3 (Groundball, 56S)
|
Batting: RHB Rodrigo Pagán
|
0-0: Foul Ball, location: 2F 0-1: Foul Ball, location: 2F 0-2: Ball 1-2: Ground out 4-3 (Groundball, 4M)
|
Bottom of the 4th over - 0 run(s), 0 hit(s), 0 error(s), 0 left on base; Battle Ground 2 - Ottawa 2 |
TOP OF THE 5TH |
Battle Ground Aeros batting - Pitching for Ottawa Nationals : RHP Ángelo Cabrera
|
Batting: RHB Jim Unknown
|
0-0: Called Strike 0-1: Swinging Strike 0-2: Ball 1-2: Fly out, F9 (Flyball, 9M)
|
Batting: RHB Jim Unknown
|
0-0: Ball 1-0: Called Strike 1-1: Ball 2-1: SINGLE (Groundball, 4MD) (infield hit)
|
Batting: LHB Jim Unknown
|
0-0: Called Strike 0-1: Called Strike 0-2: Ball 1-2: Strikes out swinging
|
Batting: SHB Shawn Sánchez
|
0-0: Ball 1-0: Foul Ball, location: 2F 1-1: Foul Ball, location: 2F 1-2: Fly out, F6 (Popup, 6MD)
|
Top of the 5th over - 0 run(s), 1 hit(s), 0 error(s), 1 left on base; Battle Ground 2 - Ottawa 2 |
BOTTOM OF THE 5TH |
Ottawa Nationals batting - Pitching for Battle Ground Aeros : RHP Jim Unknown
|
Batting: LHB Javier Hernández
|
0-0: Ball 1-0: Foul Ball, location: 2F 1-1: Ball 2-1: Ball 3-1: Called Strike 3-2: Base on Balls
|
Batting: LHB Tony Ríos
|
0-0: Called Strike 0-1: Ball 1-1: Ground out U3 (Groundball, 3S) Javier Hernández to second
|
Batting: RHB Dirk Davis
|
0-0: Ground out 3-1 (Groundball, 34S) Javier Hernández to third
|
Batting: RHB José Icaza
|
0-0: Ball 1-0: Foul Ball, location: 2F 1-1: Ball 2-1: Called Strike 2-2: Strikes out swinging
|
Bottom of the 5th over - 0 run(s), 0 hit(s), 0 error(s), 1 left on base; Battle Ground 2 - Ottawa 2 |
TOP OF THE 6TH |
Battle Ground Aeros batting - Pitching for Ottawa Nationals : RHP Ángelo Cabrera
|
Batting: RHB Stephen Johnson
|
0-0: Ground out 5-3 (Groundball, 5)
|
Batting: RHB Jim Unknown
|
0-0: Ball 1-0: Called Strike 1-1: Called Strike 1-2: Ball 2-2: Foul Ball, location: 2F 2-2: Foul Ball, location: 2F 2-2: Foul Ball, location: 2F 2-2: Ball 3-2: Base on Balls
|
Batting: LHB Edgardo Téllez
|
0-0: Swinging Strike 0-1: Called Strike 0-2: Strikes out swinging
|
Batting: RHB Jaime Chavarriaga
|
0-0: Ball 1-0: Fly out, F8 (Flyball, 8LD)
|
Top of the 6th over - 0 run(s), 0 hit(s), 0 error(s), 1 left on base; Battle Ground 2 - Ottawa 2 |
BOTTOM OF THE 6TH |
Ottawa Nationals batting - Pitching for Battle Ground Aeros : RHP Jim Unknown
|
Batting: RHB Patrick Samuels
|
0-0: Foul Ball, location: 2F 0-1: DOUBLE (Line Drive, 7LM)
|
Batting: RHB Luke Turner
|
0-0: Intentional Walk
|
Batting: RHB Dan Curtis
|
0-0: Sac Bunt - play at first, batter OUT! 1-4 Patrick Samuels to third Luke Turner to second
|
Batting: RHB Steven Poe
|
0-0: Called Strike 0-1: Foul Ball, location: 2F 0-2: Strikes out swinging
|
Batting: RHB Rodrigo Pagán
|
0-0: Called Strike 0-1: Ball 1-1: Ball 2-1: Ball 3-1: Swinging Strike 3-2: Strikes out swinging
|
Bottom of the 6th over - 0 run(s), 1 hit(s), 0 error(s), 2 left on base; Battle Ground 2 - Ottawa 2 |
TOP OF THE 7TH |
Battle Ground Aeros batting - Pitching for Ottawa Nationals : RHP Ángelo Cabrera
|
Batting: RHB Daniel Cooper
|
0-0: Foul Ball, location: 2F 0-1: Swinging Strike 0-2: Ball 1-2: Strikes out swinging
|
Batting: RHB Jim Unknown
|
0-0: Foul Ball, location: 2F 0-1: Foul Ball, location: 2F 0-2: Fly out, F9 (Flyball, 89M)
|
Batting: RHB Jim Unknown
|
0-0: Called Strike 0-1: Foul Ball, location: 2F 0-2: Ball 1-2: Foul Ball, location: 2F 1-2: Ball 2-2: Fly out, F8 (Flyball, 8LM)
|
Top of the 7th over - 0 run(s), 0 hit(s), 0 error(s), 0 left on base; Battle Ground 2 - Ottawa 2 |
BOTTOM OF THE 7TH |
Ottawa Nationals batting - Pitching for Battle Ground Aeros : RHP Jim Unknown
|
Pinch Hitting: LHB Jerry Burnett
|
0-0: Ball 1-0: Foul Ball, location: 2F 1-1: Foul Ball, location: 2F 1-2: Ground out U3 (Groundball, 3)
|
Batting: LHB Tony Ríos
|
0-0: SINGLE (Line Drive, 89S)
|
Batting: RHB Dirk Davis
|
0-0: Foul Ball, location: 2F 0-1: Ball 1-1: Ball 2-1: Foul Ball, location: 2F 2-2: SINGLE (Line Drive, 34) Tony Ríos to second
|
Batting: RHB José Icaza
|
0-0: Ball 1-0: Ball 2-0: Foul Ball, location: 2F 2-1: Called Strike 2-2: SINGLE (Groundball, 5D) Tony Ríos to third Dirk Davis to second
|
Pitching: RHP Lanny Larson
|
|
Batting: RHB Patrick Samuels
|
0-0: Fly out, F5 (Popup, 5F)
|
Batting: RHB Luke Turner
|
0-0: Foul Ball, location: 2F 0-1: Ball 1-1: Called Strike 1-2: Strikes out looking
|
Bottom of the 7th over - 0 run(s), 3 hit(s), 0 error(s), 3 left on base; Battle Ground 2 - Ottawa 2 |
TOP OF THE 8TH |
Battle Ground Aeros batting - Pitching for Ottawa Nationals : RHP Ángelo Cabrera
|
Pitching: RHP John Ashley
|
|
Now at SS: Dave Sherman
|
|
Batting: LHB Jim Unknown
|
0-0: Swinging Strike 0-1: Ground out U3 (Groundball, 3)
|
Batting: SHB Shawn Sánchez
|
0-0: Foul Ball, location: 2F 0-1: Swinging Strike 0-2: Ball 1-2: Ball 2-2: Foul Ball, location: 2F 2-2: Ground out 6-3 (Groundball, 6)
|
Batting: RHB Stephen Johnson
|
0-0: Ball 1-0: SINGLE (Line Drive, 6D)
|
Batting: RHB Jim Unknown
|
0-0: Fielders Choice at 2nd, U6 (Groundball, 6M)
|
Top of the 8th over - 0 run(s), 1 hit(s), 0 error(s), 1 left on base; Battle Ground 2 - Ottawa 2 |
BOTTOM OF THE 8TH |
Ottawa Nationals batting - Pitching for Battle Ground Aeros : RHP Lanny Larson
|
Pinch Hitting: RHB Noel Wells
|
0-0: Ground out 5-3 (Groundball, 5)
|
Pinch Hitting: RHB Francisco Morales
|
0-0: Ball 1-0: Ball 2-0: Called Strike 2-1: Ball 3-1: Swinging Strike 3-2: Foul Ball, location: 2F 3-2: Strikes out swinging
|
Batting: RHB Rodrigo Pagán
|
0-0: Called Strike 0-1: Fly out, F6 (Line Drive, 6)
|
Bottom of the 8th over - 0 run(s), 0 hit(s), 0 error(s), 0 left on base; Battle Ground 2 - Ottawa 2 |
TOP OF THE 9TH |
Battle Ground Aeros batting - Pitching for Ottawa Nationals : RHP John Ashley
|
Pitching: RHP Edwin Ellis
|
|
Now at 2B: Francisco Morales
|
|
Now in RF: Marvin Collier
|
|
Batting: LHB Edgardo Téllez
|
0-0: Ball 1-0: Ball 2-0: Ball 3-0: Base on Balls
|
Batting: RHB Jaime Chavarriaga
|
0-0: Called Strike 0-1: Foul Ball, location: 2F 0-2: Foul Ball, location: 2F 0-2: Ball 1-2: Ball 2-2: Ball 3-2: Foul Ball, location: 2F 3-2: Base on Balls Edgardo Téllez to second
|
Batting: RHB Daniel Cooper
|
0-0: Bunted foul 0-1: Sac Bunt - play at third, runner OUT! 1-6 Jaime Chavarriaga to second
|
Pinch Hitting: LHB Jim Unknown
|
0-0: Foul Ball, location: 2F 0-1: Foul Ball, location: 2F 0-2: Strikes out swinging
|
Batting: RHB Jim Unknown
|
0-0: Fly out, F9 (Flyball, 89D)
|
Top of the 9th over - 0 run(s), 0 hit(s), 0 error(s), 2 left on base; Battle Ground 2 - Ottawa 2 |
|